BSA
PORTLAND CARDS @ POCATELLO BELLAS
09/03/2029
 
TOP OF THE 1ST
Portland Cards batting - Pitching for Pocatello Bellas : RHP Kevin Bush
Pitching: RHP Kevin Bush
Batting: RHB Dani Vázquez 0-0: Ground out U3 (Groundball, 3L)
Batting: RHB António Zúńiga 0-0: SINGLE (Groundball, 34D)
Batting: LHB Jeff Daniels 0-0: Called Strike
0-1: Ball
1-1: Foul Ball, location: 2F
1-2: Strikes out swinging
Batting: LHB Troy Donaldson 0-0: Ball
1-0: SINGLE (Groundball, 6) (infield hit)
António Zúńiga to second
Batting: LHB Paul Mullins 0-0: Fly out, F8 (Flyball, 8LXD)
Top of the 1st over - 0 runs, 2 hits, 0 errors, 2 left on base; Portland 0 - Pocatello 0
BOTTOM OF THE 1ST
Pocatello Bellas batting - Pitching for Portland Cards : RHP Nelson Ortega
Pitching: RHP Nelson Ortega
Batting: LHB Keith Beard 0-0: SINGLE (Line Drive, 9S)
Batting: RHB Juan Rodríguez 0-0: Called Strike
0-1: SINGLE (Groundball, 4MD)
Keith Beard to second
Runner from 2nd tries for 3rd, SAFE, no throw
Batting: SHB Shane Hutchinson 0-0: Called Strike
0-1: Swinging Strike
0-2: Foul Ball, location: 2F
0-2: Fly out, F9 (Flyball, 9LD)
Runner from 3rd tags up, SCORES, throw made
Batting: SHB Nick Cox 0-0: Called Strike
0-1: Swinging Strike
0-2: Fielders Choice at 2nd, 4-6 (Groundball, 4D)
Batting: RHB Marlon Phipps 0-0: Called Strike
Nick Cox is caught stealing 2nd base
Bottom of the 1st over - 1 run, 2 hits, 0 errors, 0 left on base; Portland 0 - Pocatello 1
TOP OF THE 2ND
Portland Cards batting - Pitching for Pocatello Bellas : RHP Kevin Bush
Batting: RHB Eugene Gill 0-0: Foul Ball, location: 2F
0-1: Ball
1-1: Ball
2-1: Foul Ball, location: 2F
2-2: Foul Ball, location: 2F
2-2: Foul Ball, location: 2F
2-2: Foul Ball, location: 2F
2-2: Strikes out looking
Batting: LHB Bill Murphy 0-0: Called Strike
0-1: Ball
1-1: Ball
2-1: Fly out, F4 (Line Drive, 4)
Batting: LHB Chance Santry 0-0: Ground out 4-3 (Groundball, 4)
Top of the 2nd over - 0 runs, 0 hits, 0 errors, 0 left on base; Portland 0 - Pocatello 1
BOTTOM OF THE 2ND
Pocatello Bellas batting - Pitching for Portland Cards : RHP Nelson Ortega
Batting: RHB Marlon Phipps 0-0: Swinging Strike
0-1: Called Strike
0-2: Ball
1-2: Ball
2-2: Strikes out swinging
Batting: LHB John Peterson 0-0: Ball
1-0: Ball
2-0: Ball
3-0: Base on Balls
Batting: RHB Paco Arellano 0-0: Ball
1-0: Swinging Strike
1-1: Ball
2-1: Foul Ball, location: 2F
2-2: Strikes out swinging
Batting: RHB Millard Boyd 0-0: Called Strike
0-1: Called Strike
0-2: Fly out, F6 (Popup, 6M)
Bottom of the 2nd over - 0 runs, 0 hits, 0 errors, 1 left on base; Portland 0 - Pocatello 1
TOP OF THE 3RD
Portland Cards batting - Pitching for Pocatello Bellas : RHP Kevin Bush
Batting: RHB Mario Méndez 0-0: Called Strike
0-1: Fly out, F8 (Flyball, 8LS)
Batting: RHB Dani Vázquez 0-0: Called Strike
0-1: SINGLE (Groundball, 6MD)
Batting: RHB António Zúńiga 0-0: Fly out, F8 (Flyball, 78D)
Batting: LHB Jeff Daniels 0-0: Foul Ball, location: 2F
0-1: Foul Ball, location: 2F
0-2: Ball
1-2: Strikes out swinging
Top of the 3rd over - 0 runs, 1 hit, 0 errors, 1 left on base; Portland 0 - Pocatello 1
BOTTOM OF THE 3RD
Pocatello Bellas batting - Pitching for Portland Cards : RHP Nelson Ortega
Batting: LHB Keng-chi Lao 0-0: Swinging Strike
0-1: Ball
1-1: Called Strike
1-2: Strikes out swinging
Batting: LHB Keith Beard 0-0: Ball
1-0: Ball
2-0: Ball
3-0: Called Strike
3-1: Called Strike
3-2: Base on Balls
Batting: RHB Juan Rodríguez 0-0: SINGLE (Line Drive, 7LS)
Keith Beard to second
Batting: SHB Shane Hutchinson 0-0: Foul Ball, location: 2F
0-1: Swinging Strike
0-2: Ball
1-2: Strikes out swinging
Batting: SHB Nick Cox 0-0: Ground out 4-3 (Groundball, 34D)
Bottom of the 3rd over - 0 runs, 1 hit, 0 errors, 2 left on base; Portland 0 - Pocatello 1
TOP OF THE 4TH
Portland Cards batting - Pitching for Pocatello Bellas : RHP Kevin Bush
Batting: LHB Troy Donaldson 0-0: Ball
1-0: Swinging Strike
1-1: Called Strike
1-2: Ground out 3-1 (Groundball, 34)
Batting: LHB Paul Mullins 0-0: Ball
1-0: Called Strike
1-1: Reached via error on a dropped throw, E1
Batting: RHB Eugene Gill 0-0: SINGLE (Groundball, 56D)
Paul Mullins to second
Batting: LHB Bill Murphy 0-0: Ball
1-0: Fly out, F9 (Flyball, 9LSF)
Batting: LHB Chance Santry 0-0: Ball
1-0: Called Strike
1-1: Foul Ball, location: 2F
1-2: Foul Ball, location: 2F
1-2: Ground out 1-3 (Groundball, 13S)
Top of the 4th over - 0 runs, 1 hit, 1 error, 2 left on base; Portland 0 - Pocatello 1
BOTTOM OF THE 4TH
Pocatello Bellas batting - Pitching for Portland Cards : RHP Nelson Ortega
Batting: RHB Marlon Phipps 0-0: Called Strike
0-1: Swinging Strike
0-2: Foul Ball, location: 2F
0-2: Strikes out looking
Batting: LHB John Peterson 0-0: Ball
1-0: Ground out 4-3 (Groundball, 4S)
Batting: RHB Paco Arellano 0-0: Ball
1-0: Called Strike
1-1: Called Strike
1-2: Ball
2-2: Strikes out looking
Bottom of the 4th over - 0 runs, 0 hits, 0 errors, 0 left on base; Portland 0 - Pocatello 1
TOP OF THE 5TH
Portland Cards batting - Pitching for Pocatello Bellas : RHP Kevin Bush
Batting: RHB Mario Méndez 0-0: Called Strike
0-1: Swinging Strike
0-2: Strikes out looking
Batting: RHB Dani Vázquez 0-0: Fly out, F7 (Flyball, 7)
Batting: RHB António Zúńiga 0-0: Ground out 5-3 (Groundball, 56)
Top of the 5th over - 0 runs, 0 hits, 0 errors, 0 left on base; Portland 0 - Pocatello 1
BOTTOM OF THE 5TH
Pocatello Bellas batting - Pitching for Portland Cards : RHP Nelson Ortega
Batting: RHB Millard Boyd 0-0: Called Strike
0-1: Swinging Strike
0-2: Foul Ball, location: 2F
0-2: Ball
1-2: SINGLE (Groundball, 6D)
Batting: LHB Keng-chi Lao 0-0: SINGLE (Groundball, 4MD)
Millard Boyd to second
Runner from 2nd tries for 3rd, SAFE, no throw
Batting: LHB Keith Beard 0-0: SINGLE (Line Drive, 8LS)
Millard Boyd scores
Keng-chi Lao to second
Batting: RHB Juan Rodríguez 0-0: Called Strike
0-1: Ball
1-1: Foul Ball, location: 2F
1-2: Foul Ball, location: 2F
1-2: Ball
2-2: Foul Ball, location: 2F
2-2: Strikes out swinging
Batting: SHB Shane Hutchinson 0-0: Called Strike
0-1: Ball
1-1: Called Strike
1-2: Foul Ball, location: 2F
1-2: Ball
2-2: Foul Ball, location: 2F
2-2: Ball
3-2: Foul Ball, location: 2F
3-2: Grounds into double play, 4-6-3 (Groundball, 4)
Bottom of the 5th over - 1 run, 3 hits, 0 errors, 1 left on base; Portland 0 - Pocatello 2
TOP OF THE 6TH
Portland Cards batting - Pitching for Pocatello Bellas : RHP Kevin Bush
Batting: LHB Jeff Daniels 0-0: Swinging Strike
0-1: Ball
1-1: Ground out U3 (Groundball, 3)
Batting: LHB Troy Donaldson 0-0: Ball
1-0: Called Strike
1-1: Swinging Strike
1-2: SINGLE (Groundball, 34D)
Batting: LHB Paul Mullins 0-0: Called Strike
0-1: SINGLE (Groundball, 34D)
Troy Donaldson to second
Runner from 2nd tries for 3rd, SAFE, no throw
Batting: RHB Eugene Gill 0-0: Ball
1-0: SINGLE (Line Drive, 8RS)
Troy Donaldson scores
Paul Mullins to second
Batting: LHB Bill Murphy 0-0: Foul Ball, location: 2F
0-1: Foul Ball, location: 2F
0-2: Ball
1-2: Grounds into double play, 4-6-3 (Groundball, 4)
Top of the 6th over - 1 run, 3 hits, 0 errors, 1 left on base; Portland 1 - Pocatello 2
BOTTOM OF THE 6TH
Pocatello Bellas batting - Pitching for Portland Cards : RHP Nelson Ortega
Batting: SHB Nick Cox 0-0: Ball
1-0: Ball
2-0: Ground out 1-3 (Groundball, P)
Batting: RHB Marlon Phipps 0-0: Foul Ball, location: 2F
0-1: Swinging Strike
0-2: SINGLE (Line Drive, 6MD)
Batting: LHB John Peterson 0-0: SINGLE (Groundball, 34D)
Marlon Phipps to second
Marlon Phipps to third
Batting: RHB Paco Arellano 0-0: Called Strike
0-1: Foul Ball, location: 2F
0-2: Strikes out swinging
Batting: RHB Millard Boyd 0-0: Foul Ball, location: 2F
0-1: DOUBLE (Line Drive, 8LXD)
Marlon Phipps scores
John Peterson to third
Runner from 3rd tries for Home, SAFE, no throw
Batting: LHB Keng-chi Lao 0-0: Ball
1-0: Called Strike
1-1: Foul Ball, location: 2F
1-2: Reached on error, E6 (Groundball, 6M)
Millard Boyd to third
Batting: LHB Keith Beard 0-0: Called Strike
0-1: Ball
1-1: Ball
2-1: Ground out U3 (Groundball, 3)
Bottom of the 6th over - 2 runs, 3 hits, 1 error, 2 left on base; Portland 1 - Pocatello 4
TOP OF THE 7TH
Portland Cards batting - Pitching for Pocatello Bellas : RHP Kevin Bush
Batting: LHB Chance Santry 0-0: SINGLE (Line Drive, 34)
Pitching: RHP Jaime Espinoza
Batting: RHB Mario Méndez 0-0: Called Strike
0-1: Ball
1-1: Swinging Strike
1-2: Strikes out swinging
Batting: RHB Dani Vázquez 0-0: Called Strike
0-1: Swinging Strike
0-2: Foul Ball, location: 2F
0-2: Ball
1-2: Ball
2-2: Ball
3-2: Strikes out looking
Batting: RHB António Zúńiga 0-0: Fly out, F3 (Popup, 34)
Top of the 7th over - 0 runs, 1 hit, 0 errors, 1 left on base; Portland 1 - Pocatello 4
BOTTOM OF THE 7TH
Pocatello Bellas batting - Pitching for Portland Cards : RHP Nelson Ortega
Pitching: LHP Jerry Beck
Batting: RHB Juan Rodríguez 0-0: Swinging Strike
0-1: Ball
1-1: Foul Ball, location: 2F
1-2: Ball
2-2: Ball
3-2: SINGLE (Groundball, 6MD)
Batting: SHB Shane Hutchinson 0-0: Ball
1-0: Ball
2-0: Swinging Strike
2-1: Foul Ball, location: 2F
2-2: Ball
3-2: Grounds into double play, 6-4-3 (Groundball, 6)
Batting: SHB Nick Cox 0-0: Ball
1-0: SINGLE (Groundball, 4MD)
Batting: RHB Marlon Phipps 0-0: Ground out 4-3 (Groundball, 4)
Bottom of the 7th over - 0 runs, 2 hits, 0 errors, 1 left on base; Portland 1 - Pocatello 4
TOP OF THE 8TH
Portland Cards batting - Pitching for Pocatello Bellas : RHP Jaime Espinoza
Batting: LHB Jeff Daniels 0-0: Ball
1-0: Foul Ball, location: 2F
1-1: Ball
2-1: Ball
3-1: Foul Ball, location: 2F
3-2: Foul Ball, location: 2F
3-2: SINGLE (Line Drive, 89S)
Batting: LHB Troy Donaldson 0-0: Foul Ball, location: 2F
0-1: Ball
1-1: Ball
2-1: Called Strike
2-2: Foul Ball, location: 2F
2-2: Ball
3-2: Strikes out swinging
Batting: LHB Paul Mullins 0-0: Called Strike
0-1: Called Strike
0-2: Ball
1-2: Ball
2-2: Fielders Choice at 2nd, 3-6 (Groundball, 34)
Batting: RHB Eugene Gill 0-0: Swinging Strike
0-1: Foul Ball, location: 2F
0-2: Strikes out looking
Top of the 8th over - 0 runs, 1 hit, 0 errors, 1 left on base; Portland 1 - Pocatello 4
BOTTOM OF THE 8TH
Pocatello Bellas batting - Pitching for Portland Cards : LHP Jerry Beck
Batting: LHB John Peterson 0-0: Ball
1-0: Foul Ball, location: 2F
1-1: Called Strike
1-2: Ball
2-2: Strikes out swinging
Batting: RHB Paco Arellano 0-0: Ball
1-0: Foul Ball, location: 2F
1-1: Foul Ball, location: 2F
1-2: Ball
2-2: Foul Ball, location: 2F
2-2: Ball
3-2: Strikes out swinging
Batting: RHB Millard Boyd 0-0: Foul Ball, location: 2F
0-1: Ball
1-1: Ball
2-1: Ground out 3-1 (Groundball, 34)
Bottom of the 8th over - 0 runs, 0 hits, 0 errors, 0 left on base; Portland 1 - Pocatello 4
TOP OF THE 9TH
Portland Cards batting - Pitching for Pocatello Bellas : RHP Jaime Espinoza
Batting: LHB Bill Murphy 0-0: Called Strike
0-1: Foul Ball, location: 2F
0-2: Strikes out swinging
Batting: LHB Chance Santry 0-0: Called Strike
0-1: Fly out, F9 (Flyball, 89M)
Batting: RHB Mario Méndez 0-0: Foul Ball, location: 2F
0-1: Ball
1-1: Fly out, F5 (Popup, 5F)
Top of the 9th over - 0 runs, 0 hits, 0 errors, 0 left on base; Portland 1 - Pocatello 4
Saturday, December 16th, 2017 - OOTP Baseball 18.8 Build 76